 Dungeon Crawl Stone Soup version 0.26-a0-611-g354ed81502 (webtiles) character file.

Game seed: 15565028858504253435

7548 Krehm the Slinger (level 11, -5/80 HPs)
             Began as a Halfling Hunter on Sept 6, 2020.
             Was a Believer of Makhleb.
             Slain by Snorg (10 damage)
             ... on level 11 of the Dungeon.
             The game lasted 00:54:19 (12371 turns).

Krehm the Slinger (Halfling Hunter)                Turns: 12371, Time: 00:54:21

Health: -5/80      AC: 13    Str: 16    XL:     11   Next: 39%
Magic:  0/16       EV: 17    Int:  9    God:    Makhleb [**....]
Gold:   487        SH:  0    Dex: 16    Spells: 10/10 levels left

rFire    . . .     SeeInvis .   Q - +2 rapier (venom)
rCold    . . .     Faith    .   (shield restricted)
rNeg     . . .     Spirit   +   r - +3 scale mail
rPois    +         Reflect  .   N - +0 helmet
rElec    .         Harm     .   (no cloak)
rCorr    .                      (no gloves)
MR       .....                  J - +0 pair of boots
Stlth    +.........             F - amulet of guardian spirit
HPRegen  0.23/turn              v - +4 ring of evasion
MPRegen  0.15/turn              m - ring of poison resistance

@: no status effects
A: small, mutation resistance 1
a: Minor Destruction, Renounce Religion


You were on level 11 of the Dungeon.
You worshipped Makhleb.
Makhleb was pleased with you.
You visited 2 branches of the dungeon, and saw 11 of its levels.

You collected 487 gold pieces.

Inventory:

Hand Weapons
 a - a +1 hunting sling
 Q - a +2 rapier of venom (weapon)
Missiles
 c - 164 stones
 d - 78 sling bullets
 f - 8 datura-tipped darts
 k - 47 poisoned darts (quivered)
Armour
 r - a +3 scale mail (worn)
 J - a +0 pair of boots (worn)
 N - a +0 helmet (worn)
Jewellery
 e - an uncursed ring of protection from magic
 m - a ring of poison resistance (right hand)
 v - a +4 ring of evasion (left hand)
 F - an amulet of guardian spirit (around neck)
 K - an uncursed ring of protection from fire
 M - a cursed -4 ring of evasion
Wands
 q - a wand of enslavement (7)
 x - a wand of random effects (20)
 B - a wand of polymorph (3)
 E - a wand of digging (3)
 L - a wand of paralysis (7)
Scrolls
 b - a scroll of remove curse
 g - a scroll of random uselessness {unknown}
 i - a scroll of brand weapon {unknown}
 l - a scroll of enchant armour
 o - 3 scrolls of teleportation
 w - a scroll of noise {unknown}
 y - 2 scrolls of magic mapping
 z - a scroll of fog {unknown}
 C - a scroll of immolation {unknown}
 G - a scroll of blinking {unknown}
 H - a scroll of enchant weapon {unknown}
 O - a scroll of vulnerability {unknown}
Potions
 h - 3 potions of flight
 j - a potion of berserk rage {unknown}
 n - 3 potions of resistance
 p - a potion of ambrosia
 s - 2 potions of haste
 t - a potion of might
 u - 3 potions of curing {unknown}
 A - 4 potions of lignification
 D - 2 potions of mutation


   Skills:
 + Level 9.0 Fighting
 + Level 7.8 Short Blades
 - Level 12.0 Slings
 + Level 7.2 Armour
 - Level 2.1 Dodging
 - Level 2.6 Stealth
 + Level 7.1 Invocations


You had 10 spell levels left.
You didn't know any spells.
Your spell library contained the following spells:

 Spells                   Type           Power        Failure   Level
 Corona                   Hex            #......      77%         1
 Magic Dart               Conj           #...         77%         1
 Ensorcelled Hibernation  Hex/Ice        #.....       88%         2
 Searing Ray              Conj           #.....       88%         2
 Confusing Touch          Hex            #.......     98%         3
 Dazzling Flash           Conj/Hex       #.....       98%         3
 Tukima's Dance           Hex            #.......     98%         3
 Fulminant Prism          Conj/Hex       #.........   100%        4
 Iskenderun's Mystic Bla  Conj/Tloc      #.......     100%        4


Dungeon Overview and Level Annotations

Branches:
Dungeon (9/15)             Temple (1/1) D:5            Lair (0/6) D:11
    Orc (0/2) D:11

Altars:
Ashenzari
Cheibriados
Dithmenos
Elyvilon
Fedhas
Gozag
Hepliaklqana
Kikubaaqudgha
Makhleb
Nemelex Xobeh
Okawaru
Qazlal
Ru
Sif Muna
Trog
Uskayaw
Vehumet
Wu Jian
Xom
Yredelemnul
Zin
The Shining One

Shops:
D:6 (

Annotations:
D:4 1 runed translucent door, exclusion: door
D:6 1 runed translucent door, exclusion: door, utbildad's ghost, novice NaFi
D:11 Erica; Snorg


Innate Abilities, Weirdness & Mutations

You are small and have problems with some larger weapons.
You are somewhat resistant to further mutation.


Message History

Snorg bites you but does no damage. Snorg claws you but does no damage.
Snorg claws you!
Press: ? - help, Shift-Dir - straight line, f - Snorg
Aim: Snorg (moderately wounded, berserk, extremely poisoned) Snorg writhes in agony.
Snorg closely misses you. Snorg claws you but does no damage. Snorg claws you.
Unknown command.
Press: ? - help, Shift-Dir - straight line, f/p - Snorg
Aim: Snorg (heavily wounded, berserk, extremely poisoned)
The zap hits Snorg!
Snorg is heavily wounded.
The zap hits Snorg.
Snorg is heavily wounded.
Snorg bites you!
* * * LOW HITPOINT WARNING * * *
Snorg completely misses you. Snorg closely misses you.
Snorg completely misses you. Snorg claws you!
* * * LOW HITPOINT WARNING * * *
Snorg claws you!
You die...

..# ..+ ..# ..# ..# ..# ###'#
####...# #### #.T@.### ..# ###+
###'######## #.# .....
#..........#########.#
......####...........#.........
...o..'.##...........#.........
.o....#..o.....................
..... ####..........#.....†....
.... #..........#......)... ...
#..........##.........


You could see Snorg (berserk, extremely poisoned).

Vanquished Creatures
  An unseen horror (D:11)
  Pikel (D:6)
  A cyclops (D:9)
  A manticore (D:11)
  Maurice (D:11)
  A komodo dragon (D:11)
  2 trolls
  4 hippogriffs
  A water moccasin (D:8)
  An ice beast (D:7)
  3 sky beasts (D:8)
  2 orc warriors
  3 black bears
  A phantom (D:9)
  6 ogres
  5 centaurs
  3 lemures (D:6)
  2 crocodiles
  A big kobold (D:8)
  Blork the orc (D:6)
  5 bullfrogs
  A wyvern skeleton (D:9)
  A water moccasin zombie (D:7)
  2 water moccasin skeletons
  4 killer bees (D:8)
  4 wights (D:7)
  2 howler monkeys
  2 bullfrog zombies
  A quasit (D:7)
  4 orc priests
  4 hounds
  A jelly (D:8)
  8 orc wizards
  An iguana (D:7)
  Terence (D:2)
  4 worker ants
  A hound skeleton (D:5)
  A worker ant zombie (D:5)
  4 gnolls (D:6)
  7 adders
  A shadow imp (D:6)
  2 ufetubi (D:6)
  An ooze (D:2)
  2 adder skeletons (D:4)
  A worm (D:2)
  A dart slug (D:3)
  6 leopard geckos
  30 orcs
  3 ball pythons
  8 bats
  4 giant cockroaches
  10 goblins
  10 hobgoblins
  5 jackals
  5 quokkas
  6 frilled lizards
  10 kobolds
  A leopard gecko skeleton (D:4)
  A leopard gecko zombie (D:7)
  4 rats
210 creatures vanquished.

Vanquished Creatures (others)
  An iguana (D:5)
  8 plants (D:11)
9 creatures vanquished.

Grand Total: 219 creatures vanquished

Notes
Turn   | Place    | Note
-------+----------+-------------------------------------------
     0 | D:1      | Krehm the Halfling Hunter began the quest for the Orb.
     0 | D:1      | Reached XP level 1. HP: 14/14 MP: 1/1
     0 | D:1      | Noticed an iron dragon
     2 | D:1      | Noticed a shadow dragon
     2 | D:1      | Noticed a shadow dragon
     4 | D:1      | Noticed an iron dragon
     5 | D:1      | Noticed a shadow dragon
     7 | D:1      | Noticed an orb of fire
    10 | D:1      | Noticed a large abomination
    12 | D:1      | Noticed a shadow dragon
    12 | D:1      | Noticed a red draconian
    14 | D:1      | Noticed a large abomination
    14 | D:1      | Noticed a tentacled monstrosity
    14 | D:1      | Noticed an orb of fire
    18 | D:1      | Noticed a tentacled monstrosity
    20 | D:1      | Noticed a tentacled monstrosity
    47 | D:1      | Reached skill level 6 in Slings
   315 | D:1      | Reached XP level 2. HP: 19/19 MP: 2/2
   646 | D:1      | Reached XP level 3. HP: 23/24 MP: 3/3
  1427 | D:2      | Noticed Terence
  1441 | D:2      | Killed Terence
  1441 | D:2      | Reached skill level 7 in Slings
  1441 | D:2      | Reached XP level 4. HP: 28/30 MP: 4/4
  1635 | D:2      | Found a bloodstained altar of Trog.
  1846 | D:3      | Reached XP level 5. HP: 29/35 MP: 5/5
  2275 | D:3      | Noticed an ogre
  2285 | D:3      | Killed an ogre
  2285 | D:3      | Reached skill level 8 in Slings
  2285 | D:3      | Reached XP level 6. HP: 23/42 MP: 6/6
  2594 | D:3      | Found a glowing silver altar of Zin.
  2632 | D:3      | Found a glowing golden altar of the Shining One.
  2650 | D:3      | Found a basalt altar of Yredelemnul.
  2653 | D:3      | Found a shattered altar of Ashenzari.
  2690 | D:3      | Noticed a black bear
  3204 | D:3      | Found an ornate altar of the Wu Jian Council.
  3355 | D:4      | Found a glowing golden altar of the Shining One.
  3356 | D:4      | Found a runed translucent door.
  3356 | D:4      | Noticed an angel
  3471 | D:4      | Reached skill level 9 in Slings
  3857 | D:4      | Reached XP level 7. HP: 44/46 MP: 7/7
  4077 | D:4      | Reached skill level 10 in Slings
  4258 | D:5      | Entered Level 5 of the Dungeon
  4367 | D:5      | Found a staircase to the Ecumenical Temple.
  4376 | Temple   | Entered the Ecumenical Temple
  4574 | Temple   | Became a worshipper of Makhleb the Destroyer
  4606 | D:5      | Found a hide-covered altar of Uskayaw.
  4606 | D:5      | Found a sparkling altar of Nemelex Xobeh.
  4829 | D:5      | Found an iron altar of Okawaru.
  5341 | D:6      | Reached XP level 8. HP: 51/54 MP: 8/8
  5526 | D:6      | Reached skill level 11 in Slings
  5637 | D:6      | Reached * piety under Makhleb
  5755 | D:6      | Found a runed translucent door.
  5761 | D:6      | Noticed utbildad's ghost (novice NaFi)
  5846 | D:6      | Noticed Pikel
  5949 | D:6      | Killed Pikel
  5949 | D:6      | Reached skill level 12 in Slings
  5949 | D:6      | Reached XP level 9. HP: 46/63 MP: 9/9
  6101 | D:6      | Found Gukumm's Weapon Boutique.
  6299 | D:6      | Noticed Blork the orc
  6306 | D:6      | Killed Blork the orc
  6306 | D:6      | Reached skill level 1 in Short Blades
  6327 | D:6      | Reached skill level 1 in Armour
  6327 | D:6      | Reached skill level 1 in Invocations
  6516 | D:5      | Found an iron altar of Okawaru.
  6566 | D:5      | Found a staircase to the Ecumenical Temple.
  7217 | D:4      | Found a runed translucent door.
  7217 | D:4      | Found a glowing golden altar of the Shining One.
  7613 | D:3      | Found an ornate altar of the Wu Jian Council.
  7750 | D:3      | Found a shattered altar of Ashenzari.
  7750 | D:3      | Found a glowing silver altar of Zin.
  7750 | D:3      | Found a basalt altar of Yredelemnul.
  7750 | D:3      | Found a glowing golden altar of the Shining One.
  8256 | D:7      | Noticed a hippogriff
  8274 | D:7      | Killed a hippogriff
  8470 | D:7      | Noticed a hippogriff
  8492 | D:7      | Killed a hippogriff
  9124 | D:7      | Noticed a troll
  9138 | D:7      | Killed a troll
  9138 | D:7      | Reached XP level 10. HP: 71/71 MP: 11/13
  9261 | D:7      | Found a stormy altar of Qazlal.
  9598 | D:8      | Reached skill level 5 in Short Blades
  9825 | D:8      | Reached ** piety under Makhleb
  9855 | D:8      | Reached skill level 5 in Armour
  9855 | D:8      | Reached skill level 5 in Invocations
 10097 | D:8      | You fall into a shaft and drop 1 floor!
 11287 | D:9      | Found a shimmering altar of Xom.
 11289 | D:9      | Found a shimmering altar of Xom.
 11657 | D:9      | Noticed a cyclops
 11685 | D:9      | Killed a cyclops
 11685 | D:9      | Reached XP level 11. HP: 69/78 MP: 10/15
 11743 | D:9      | You fall into a shaft and drop 2 floors!
 11743 | D:11     | Found a staircase to the Lair.
 11782 | D:11     | Killed an unseen horror
 11996 | D:11     | Found a staircase to the Orcish Mines.
 12021 | D:11     | Noticed a manticore
 12046 | D:11     | Killed a manticore
 12246 | D:11     | Noticed Maurice
 12260 | D:11     | Killed Maurice
 12357 | D:11     | Noticed Snorg
 12357 | D:11     | Noticed Erica
 12371 | D:11     | Slain by Snorg

Illustrated notes

Levels and vault maps discovered:
D:1:      shiori_arrival_whats_in_store_for_you, layout_basic,
          minmay_heptomino_d4
D:2:      layout_rooms, bloody_trog, uniq_terence
D:3:      layout_loops_ring, grunt_temple_overflow_cloverleaf,
          lemuel_coloured_pillars_altar
D:4:      layout_basic, lemuel_angel_altar
D:5:      layout_rooms, kennysheep_okawaru_gauntlet,
          chequers_temple_overflow_statue_of_worship,
          minmay_temple_entry_large_hall, lemuel_flame_loot_1
D:6:      layout_basic, serial_shops, nicolae_shop_waterfront,
          ebering_ghost_sewer_d, uniq_blork_the_orc, uniq_pikel
D:7:      lemuel_ice_spiral_2, layout_basic, grunt_qazlal_clouds
D:8:      layout_basic
D:9:      layout_roguey, xom_redecorated
D:11:     layout_roguey, david_lair_shrubbed, orc_0_dummy, serial_shops,
          kennysheep_mini, uniq_snorg, uniq_erica, uniq_maurice
Temple:   nicolae_temple_figure_eight

Skill      XL: |  1  2  3  4  5  6  7  8  9 10 11 |
---------------+----------------------------------+-----
Slings         | 6 7 8 9 10 12 | 12.0
Fighting       | 2 3 4 6 7 8 9 |  9.0
Stealth        | 2 |  2.6
Short Blades   | 4 6 7 |  7.8
Armour         | 4 6 7 |  7.2
Invocations    | 4 6 7 |  7.1
Dodging        | |  2.1

Action                   |  1- 3 |  4- 6 |  7- 9 | 10-12 || total
-------------------------+-------+-------+-------+-------++-------
Melee: Short sword       |    40 |       |       |       ||    40
       Dagger            |    22 |    22 |       |       ||    44
       Whip              |       |       |    44 |    95 ||   139
       Rapier            |       |       |       |    83 ||    83
 Fire: Hunting sling     |    73 |   167 |   386 |   211 ||   837
Throw: Dart              |       |       |     3 |     1 ||     4
Invok: Minor Destruction |       |       |       |    26 ||    26
Evoke: Wand              |       |       |     1 |       ||     1
  Use: Scroll            |     1 |     3 |     7 |     2 ||    13
       Potion            |       |       |       |     2 ||     2
 Stab: Paralysed         |       |       |     7 |       ||     7
Armor: Leather armour    |     5 |       |       |       ||     5
       Ring mail         |    11 |       |       |       ||    11
       Scale mail        |     1 |    23 |    59 |   144 ||   227
Dodge: Dodged            |    52 |    39 |   162 |   279 ||   532

Table legend: (Time is in decaauts)
 A = Elapsed time spent in this place.
 B = Non-inter-level travel time spent in this place.
 C = Inter-level travel time spent in this place.
 D = Time resting spent in this place.
 E = Time spent auto-exploring this place.
 F = Levels seen in this place.
 G = Mean time per level.
                   A        B        C        D        E       F      G
               +--------+--------+--------+--------+--------+-----+--------+
         Total |  12084 |  11534 |    550 |   2489 |   6215 |  11 | 1098.5 |
       Dungeon |  11869 |  11344 |    525 |   2489 |   6027 |  10 | 1186.9 |
        Temple |    215 |    190 |     25 |      0 |    188 |   1 |  215.0 |
               +--------+--------+--------+--------+--------+-----+--------+

Top non-repeatable levels by time:
     D:3: 1855 daAuts
     D:8: 1638 daAuts
     D:4: 1518 daAuts
     D:7: 1275 daAuts
     D:5: 1242 daAuts
     D:6: 1183 daAuts
     D:1: 1171 daAuts
     D:2: 844 daAuts
    D:11: 612 daAuts
     D:9: 527 daAuts
  Temple: 215 daAuts
